[Event "*** SCC Grand Prix: Titled Tuesday Blitz"]
[Site "Chess.com"]
[Date "2020.09.29"]
[Round "5"]
[White "renehp"]
[Black "Unknown_IM"]
[Result "1-0"]
[WhiteElo "2471"]
[BlackElo "2311"]
[TimeControl "180+1"]
[EndTime "10:54:52 PDT"]
[Termination "renehp won by checkmate"]

1. e4 d6 2. d4 Nf6 3. Nc3 e5 4. Nf3 Nbd7 5. Bc4 Be7 6. O-O O-O 7. Re1 c6 8. a4 Qc7 9. h3 Nb6 10.
Bb3 a5 11. Be3 Nbd7 12. Qd2 b6 13. Rad1 Bb7 14. Qe2 h6 15. Nh4 Rfe8 16. Nf5 Bf8 17.
Qf3 exd4 18. Bxd4 Ne5 19. Nxh6+ Kh7 20. Bxe5 dxe5 21. Nxf7 Bc5 22. Qf5+ g6 23. Qxf6 Rf8 24. Qh4+ Kg7 25. Qh6+ Kf6 26. Qg5+ Kg7 27. Qg4 Rxf7 28. Bxf7 Bc8 29. Be6 Bxe6 30. Qxe6 Bd4 31. Ne2 c5 32. c3 Rg8 33. cxd4 cxd4 34. f4 Qc5 35. Qxe5+ Qxe5 36. fxe5 Re8 37. Rxd4 Rxe5 38. Rc1 Kh6 39. Rc6 b5 40.
Rdd6 Rg5 41. Nf4 Re5 42. Rxg6+ Kh7 43. Rgd6 Re7 44. axb5 a4 45. b6 a3 46. bxa3 Rf7 47. Rc7 Kg8 48. Rxf7 Kxf7 49. b7 Ke7 50. e5 Kf7 51.
b8=Q Ke7 52. Qc7+ Ke8 53. Rd8# 1-0

[Event "*** SCC Grand Prix: Titled Tuesday Blitz"]
[Site "Chess.com"]
[Date "2020.09.29"]
[Round "5"]
[White "gui_borba"]
[Black "stefy02"]
[Result "1-0"]
[WhiteElo "2433"]
[BlackElo "2253"]
[TimeControl "180+1"]
[EndTime "10:54:53 PDT"]
[Termination "gui_borba won by resignation"]

1. d4 Nf6 2. Bf4 d5 3. Nc3 c6 4. e3 Qb6 5. Rb1 Bf5 6. Bd3 Bg6 7. Nf3 Nbd7 8. Ne5 Nxe5 9. Bxe5 Nd7 10. Bg3 e6 11. O-O Be7 12. Qe2 O-O 13. Rfe1 Bf6 14. Na4 Qa5 15. Nc3 e5 16. Bxg6 fxg6 17. dxe5 Bxe5 18. Bxe5 Nxe5 19. a3 Qd8 20. Rbd1 Qf6 21. e4 Nc4 22. exd5 Nxb2 23. Ne4 Qe5 24. Rb1 cxd5 25.
Nc5 Qxe2 26. Rxe2 Nc4 27. Rxb7 Rfe8 28. Kf1 Rxe2 29. Kxe2 Nxa3 30. Kd1 Re8 31. Rxa7 Nb5 32. Rd7 Nc3+ 33. Kd2 Nb1+ 34. Kd3 Re5 35. f4 Rf5 36. g3 Na3 37. Ne6 Nc4 38. Rxg7+ Kh8 39. Rd7 Nb2+ 40. Kc3 Na4+ 41. Kb4 Rf6 42. Rd8+ 1-0

[Event "*** SCC Grand Prix: Titled Tuesday Blitz"]
[Site "Chess.com"]
[Date "2020.09.29"]
[Round "5"]
[White "pedro_nascimento85"]
[Black "dominikaf"]
[Result "0-1"]
[WhiteElo "2008"]
[BlackElo "2323"]
[TimeControl "180+1"]
[EndTime "10:54:53 PDT"]
[Termination "dominikaf won on time"]

1. d4 Nf6 2. c4 g6 3. Nc3 Bg7 4. e4 d6 5. Be2 O-O 6. Nf3 e5 7. d5 Ne8 8. Bg5 f6 9. Be3 f5 10. exf5 gxf5 11. O-O Nf6 12. Bg5 Qe8 13. Nd2 a6 14. f4 e4 15. Rc1 Nbd7 16. b4 Qg6 17. c5 h6 18. Bh4 dxc5 19. bxc5 Nxc5 20. Nc4 Nfd7 21. d6 cxd6 22. Nxd6 Kh8 23. Bh5 Qe6 24. Nxc8 Raxc8 25. Nd5 Nd3 26. Rxc8 Rxc8 27. Ne3 Bd4 28.
Bf2 Nxf2 29. Kxf2 Qb6 30. Re1 Nf6 31. g4 Nd5 0-1

[Event "*** SCC Grand Prix: Titled Tuesday Blitz"]
[Site "Chess.com"]
[Date "2020.09.29"]
[Round "5"]
[White "Arjun2002"]
[Black "ExtremeLearner"]
[Result "1-0"]
[WhiteElo "2690"]
[BlackElo "2311"]
[TimeControl "180+1"]
[EndTime "10:54:54 PDT"]
[Termination "Arjun2002 won by checkmate"]

1. e4 c6 2. d4 d5 3. e5 Bf5 4. h4 h5 5. Bd3 Bxd3 6. Qxd3 Qa5+ 7. Nd2 e6 8. Nf3 c5 9. dxc5 Nd7 10. O-O Nxc5 11. Qe2 Nh6 12. Nd4 Be7 13. g3 a6 14.
c4 Rd8 15. N2b3 Qc7 16. Bxh6 Rxh6 17. Rac1 Nxb3 18. axb3 Qb6 19. Rfd1 dxc4 20. Qxc4 Rg6 21. Ne2 Rg4 22. Rxd8+ Qxd8 23. Nf4 b5 24. Qc6+ Qd7 25. Qa8+ Bd8 26. Nxh5 Qd2 27. Rc8 Rd4 28. Qf3 Qe1+ 29. Kh2 Kd7 30. Rc2 Rd1 31. Qc6+ Ke7 32. Qc5+ Ke8 33. Nxg7+ Kd7 34. Qc6+ Ke7 35. Qe8# 1-0

[Event "*** SCC Grand Prix: Titled Tuesday Blitz"]
[Site "Chess.com"]
[Date "2020.09.29"]
[Round "5"]
[White "CheckThis4"]
[Black "Supernotar"]
[Result "1-0"]
[WhiteElo "2619"]
[BlackElo "2789"]
[TimeControl "180+1"]
[EndTime "10:54:56 PDT"]
[Termination "CheckThis4 won by checkmate"]

1. e4 c6 2. Nf3 d5 3. Nc3 Bg4 4.
h3 Bxf3 5. Qxf3 e6 6. d3 Nf6 7. Bd2 Qb6 8. O-O-O d4 9. Ne2 c5 10. g4 Nc6 11. g5 Nd7 12. Qg3 c4 13. dxc4 Nc5 14. Bg2 O-O-O 15. Nf4 d3 16. Nxd3 Rxd3 17. cxd3 Na4 18. Bc3 Nxc3 19. bxc3 Ba3+ 20. Kd2 Qb2+ 21. Ke1 Qxc3+ 22. Kf1 Rd8 23. e5 Nd4 24. Be4 Bc5 25.
Kg2 Ne2 26. Qf3 Nd4 27. Qxf7 Rd7 28. Qe8+ Kc7 29. Bxb7 Qc2 30. Qc8+ Kb6 31. Rb1+ Ka5 32. Qxd7 Nc6 33. Qc7+ Ka4 34. Qxc6+ Ka3 35. Qa6+ Qa4 36. Rb3+ Kxa2 37. Qxa4+ Ba3 38. Qxa3# 1-0

[Event "*** SCC Grand Prix: Titled Tuesday Blitz"]
[Site "Chess.com"]
[Date "2020.09.29"]
[Round "5"]
[White "anasta10"]
[Black "alexrustemov"]
[Result "1-0"]
[WhiteElo "2518"]
[BlackElo "2716"]
[TimeControl "180+1"]
[EndTime "10:54:56 PDT"]
[Termination "anasta10 won on time"]

1. d4 f5 2. Nc3 Nf6 3. Bg5 d5 4.
Nf3 e6 5. h4 Be7 6. e3 O-O 7.
Ne5 Nbd7 8. Qd2 Nxe5 9. dxe5 Ne4 10. Nxe4 fxe4 11. Bxe7 Qxe7 12. Be2 Bd7 13. f3 exf3 14.
gxf3 c5 15. O-O-O Bc6 16. Kb1 b5 17. Rdg1 b4 18. Rg5 Kh8 19. Rhg1 Rg8 20. f4 a5 21. Bd3 c4 22. Bxh7 g6 23. Bxg8 Rxg8 24. h5 Be8 25. hxg6 Kg7 26. Rh1 Bxg6 27. Rxg6+ Kxg6 28. Qg2+ Kf5 29. Qxg8 Ke4 30. Qh7+ Kxe3 31. Qxe7 1-0

[Event "*** SCC Grand Prix: Titled Tuesday Blitz"]
[Site "Chess.com"]
[Date "2020.09.29"]
[Round "5"]
[White "SanchezKelvin"]
[Black "Korchmar_Vasiliy"]
[Result "1-0"]
[WhiteElo "2396"]
[BlackElo "2553"]
[TimeControl "180+1"]
[EndTime "10:54:56 PDT"]
[Termination "SanchezKelvin won on time"]

1. d4 Nf6 2. c4 g6 3. Nf3 Bg7 4.
Nc3 d5 5. Bg5 Ne4 6. cxd5 Nxg5 7. Nxg5 e6 8. Qd2 exd5 9. Qe3+ Kf8 10. Qf4 Bf6 11. h4 Kg7 12. O-O-O c5 13. dxc5 Qa5 14.
Nxd5 Bf5 15. e4 Qxa2 16. Nxf6 Qa1+ 17. Kc2 Qa4+ 18. b3 Qa2+ 19. Kc3 Rc8 20. Qe5 Rxc5+ 21. Qxc5 Na6 22. Qd4 Rc8+ 23. Bc4 Rxc4+ 24. Qxc4 Be6 25. Nxe6+ Kxf6 26. Nd4 b5 27. e5+ Kg7 28. Ne6+ fxe6 29. Qxb5 1-0

[Event "*** SCC Grand Prix: Titled Tuesday Blitz"]
[Site "Chess.com"]
[Date "2020.09.29"]
[Round "5"]
[White "JiiHart"]
[Black "Snowflake"]
[Result "0-1"]
[WhiteElo "2063"]
[BlackElo "2472"]
[TimeControl "180+1"]
[EndTime "10:54:56 PDT"]
[Termination "Snowflake won on time"]

1. e4 e6 2. d4 d5 3. Nc3 Nf6 4. Bg5 Be7 5. e5 Nfd7 6. h4 h6 7. Bxe7 Qxe7 8. Qg4 O-O 9. O-O-O c5 10. f4 cxd4 11. Nb5 Nc6 12. Rh3 f5 13. Qg6 Nc5 14.
Rg3 Kh8 15. Nf3 Qf7 16. Qxf7 Rxf7 17. Nfxd4 Ne4 18. Ra3 Bd7 19. Nxc6 bxc6 20. Nc7 Rc8 21. Rxa7 Be8 22. Nb5 cxb5 23. Rxf7 Bxf7 24. Bxb5 g5 25.
a4 gxf4 26. a5 Rc5 27. c4 dxc4 28. Rd8+ Kg7 29. Rd7 Rxb5 30. a6 c3 31. a7 c2 32.
a8=Q Rd5 33. Qa7 Rxd7 34. Qxd7 Kg6 35. Kxc2 Ng3 36. b4 Nf1 37. Qe7 Ne3+ 38. Kb3 Nd5 39. Qd8 f3 40. b5 fxg2 0-1

[Event "*** SCC Grand Prix: Titled Tuesday Blitz"]
[Site "Chess.com"]
[Date "2020.09.29"]
[Round "5"]
[White "superchthonic"]
[Black "brunomorado"]
[Result "1-0"]
[WhiteElo "2575"]
[BlackElo "2383"]
[TimeControl "180+1"]
[EndTime "10:54:57 PDT"]
[Termination "superchthonic won by resignation"]

1. g3 d5 2. Bg2 Nf6 3. Nf3 Bf5 4. O-O e6 5. c4 Nc6 6. Qb3 dxc4 7. Qxc4 Qd5 8. b3 Bc5 9. Nc3 Qxc4 10. bxc4 O-O-O 11. d3 Nd4 12. Rb1 c6 13. Ne5 Rhf8 14. Be3 Nd7 15.
Nxd7 Rxd7 16. Rfe1 Rfd8 17. h3 a5 18. g4 Bg6 19. Kf1 Bb4 20. Rec1 e5 21. Na4 Kc7 22. c5 Nb5 23. Nb6 Re7 24. Nc4 f6 25. Rb3 Nd4 26.
Bxd4 exd4 27. Nb6 Bxc5 28. Rxc5 1-0

[Event "*** SCC Grand Prix: Titled Tuesday Blitz"]
[Site "Chess.com"]
[Date "2020.09.29"]
[Round "5"]
[White "Oscar-Luna"]
[Black "carlsen1001"]
[Result "0-1"]
[WhiteElo "2154"]
[BlackElo "2444"]
[TimeControl "180+1"]
[EndTime "10:54:57 PDT"]
[Termination "carlsen1001 won on time"]

1. e4 c5 2. c4 Nc6 3. Nc3 Nf6 4. g3 g6 5. Bg2 Bg7 6. Nge2 O-O 7. O-O d6 8. h3 Nd7 9. f4 e6 10. a3 Nd4 11.
Rb1 a5 12. d3 Nb8 13. Nxd4 cxd4 14. Nb5 Qb6 15. b4 axb4 16. axb4 Bd7 17. Na3 Na6 18.
Bd2 Rfc8 19. Qb3 Qc7 20. Rfc1 e5 21. Kh2 Qd8 22. Qb2 h5 23. Nc2 h4 24. g4 exf4 25. Bxf4 Qe7 26. Kh1 Be5 27. Rf1 b5 28. Ne1 bxc4 29.
dxc4 Rxc4 30. b5 Nc5 31. Bxe5 dxe5 32. Nf3 Nd3 33. Qb3 Rc3 34. Qd1 Nf4 35. b6 Bc6 36. Rb2 Bb7 37. Qe1 Nd3 38. Qd2 Nxb2 39. Qxb2 Bxe4 40. b7 Qxb7 41. Qxb7 Bxb7 42. Nxe5 Rxh3+ 43. Kg1 Rg3 44. Nf3 h3 45. Kh2 Rxg2+ 46. Kxh3 Bxf3 47.
Rxf3 Re2 48. Rd3 Re3+ 0-1

[Event "*** SCC Grand Prix: Titled Tuesday Blitz"]
[Site "Chess.com"]
[Date "2020.09.29"]
[Round "5"]
[White "ChessWarrior7197"]
[Black "youngKID"]
[Result "1-0"]
[WhiteElo "2953"]
[BlackElo "2770"]
[TimeControl "180+1"]
[EndTime "10:54:58 PDT"]
[Termination "ChessWarrior7197 won by resignation"]

1. e4 c5 2. Nf3 Nc6 3. Bb5 g6 4. Bxc6 dxc6 5. d3 Bg4 6. Nbd2 Bg7 7. h3 Bxf3 8. Nxf3 Nf6 9. O-O O-O 10. a4 a5 11. Be3 Nd7 12. Qd2 Re8 13. Nh2 b6 14.
Rab1 Nf8 15. b3 e5 16. Bh6 Ne6 17. Ng4 Bxh6 18. Qxh6 f6 19. g3 Ra7 20. Kg2 Rg7 21.
Rbe1 Rf8 22. Qd2 h6 23. Nxh6+ Kh7 24. Ng4 Kg8 25. h4 Qd7 26. Ne3 Nd4 27. Nc4 Qc7 28.
f4 exf4 29. Rxf4 f5 30. Ref1 Re8 31. c3 Ne6 32. R4f3 fxe4 33. dxe4 b5 34. Nd6 Rd8 35. e5 c4 36. Rf6 Nc5 37. Qh6 cxb3 38. Rxg6 b2 39.
Nf5 Rd2+ 40. Kh3 Rd7 41. e6 Nxe6 42. Rxe6 1-0

[Event "*** SCC Grand Prix: Titled Tuesday Blitz"]
[Site "Chess.com"]
[Date "2020.09.29"]
[Round "5"]
[White "Makswolf200817"]
[Black "QuintilianoR"]
[Result "0-1"]
[WhiteElo "2433"]
[BlackElo "2625"]
[TimeControl "180+1"]
[EndTime "10:54:58 PDT"]
[Termination "QuintilianoR won by checkmate"]

1. d4 Nf6 2. c4 e6 3. Nf3 b6 4. g3 Bb7 5. Bg2 Bb4+ 6. Bd2 a5 7. O-O O-O 8. Nc3 d6 9. a3 Bxc3 10. Bxc3 Be4 11. Qd2 Nbd7 12. b4 axb4 13. axb4 b5 14. c5 Qb8 15. Rxa8 Qxa8 16. Ra1 Qb7 17. Qa2 Rb8 18.
Qa6 h6 19. cxd6 cxd6 20. Qxd6 Rc8 21. Bd2 Rc2 22. Qf4 g5 23. Qe3 Ng4 24. Qb3 Qd5 25. Qxd5 Bxd5 26. Rd1 Rb2 27. h3 Ngf6 28. Kf1 Bb3 29.
Rc1 Bc4 30. Ke1 Ne4 31. h4 g4 32. Ra1 gxf3 33. Bxf3 Nxd2 34. Bc6 Nf6 35. Ra8+ Kg7 36. e3 Nb3 37. Rb8 Rb1# 0-1

[Event "*** SCC Grand Prix: Titled Tuesday Blitz"]
[Site "Chess.com"]
[Date "2020.09.29"]
[Round "5"]
[White "Oligan22"]
[Black "BikingBrian"]
[Result "1-0"]
[WhiteElo "2407"]
[BlackElo "2211"]
[TimeControl "180+1"]
[EndTime "10:54:58 PDT"]
[Termination "Oligan22 won on time"]

1. e4 c5 2. Nf3 g6 3. d4 cxd4 4. Nxd4 Nc6 5. Nc3 Bg7 6. Be3 Nf6 7.
Bc4 Qa5 8. O-O O-O 9. Bb3 d6 10.
h3 Bd7 11. Re1 Rfe8 12. Nf3 Ne5 13. Nxe5 Qxe5 14. f4 Qh5 15. Qd2 Bc6 16. Bd4 Nd7 17.
Bxg7 Kxg7 18. Nd5 Bxd5 19. exd5 Nf6 20. Re3 Qf5 21. Qd4 Qd7 22. Rae1 b5 23. a4 a6 24. g4 Kg8 25. Kh2 Qb7 26. axb5 axb5 27. f5 g5 28. R3e2 Qa7 29. Qd3 Qd7 30. Qd2 h6 31. Kg3 Kh7 32. Re3 h5 33. Qe2 h4+ 34. Kh2 Ra7 35. Qd3 Kg7 36.
Qe2 Kf8 37. Qd2 Kg7 38. c3 Kh6 39. Bc2 Qb7 40. Bb3 b4 41. cxb4 Qb5 42. Qd4 Rb7 43.
Rxe7 Rbxe7 44. Rxe7 Rxe7 45. Qxf6+ Kh7 46. Qxe7 1-0

[Event "*** SCC Grand Prix: Titled Tuesday Blitz"]
[Site "Chess.com"]
[Date "2020.09.29"]
[Round "5"]
[White "rasmussvane"]
[Black "x-0414717230"]
[Result "1-0"]
[WhiteElo "2904"]
[BlackElo "2704"]
[TimeControl "180+1"]
[EndTime "10:54:59 PDT"]
[Termination "rasmussvane won by resignation"]

1. Nf3 Nf6 2. g3 g6 3. Bg2 Bg7 4. O-O O-O 5. d4 d6 6. Re1 Ne4 7. Nbd2 Nxd2 8. Bxd2 Nd7 9. e4 e5 10. Bg5 Qe8 11. Qd2 exd4 12. Nxd4 Ne5 13. b3 Nc6 14. Nxc6 bxc6 15. Rad1 a5 16. Bh6 Bxh6 17. Qxh6 a4 18. Qf4 axb3 19. axb3 Ra5 20. h4 Qe7 21. Re3 Re8 22.
Rde1 Kg7 23. Rc3 Bd7 24. Qd2 Rb5 25. Rce3 Qf6 26. f4 Re7 27. Kh2 h6 28. e5 dxe5 29. fxe5 Qe6 30. Qc3 Kh7 31. Kg1 Be8 32. Bf1 Rb8 33. Bc4 Qg4 34. Re4 Qh3 35. e6 f5 36.
Bf1 Qxf1+ 37. Rxf1 fxe4 38. Rf8 Rg7 39. Qe5 c5 40. Qxc5 Ra8 41. Kh2 e3 42. Qxe3 Bc6 43. Rxa8 Bxa8 44. e7 Bc6 45. e8=Q Bxe8 46. Qxe8 1-0

[Event "*** SCC Grand Prix: Titled Tuesday Blitz"]
[Site "Chess.com"]
[Date "2020.09.29"]
[Round "5"]
[White "Dr-Bassem"]
[Black "elcandado"]
[Result "1-0"]
[WhiteElo "2767"]
[BlackElo "2576"]
[TimeControl "180+1"]
[EndTime "10:54:59 PDT"]
[Termination "Dr-Bassem won on time"]

1. e4 d6 2. Nf3 Nf6 3. d3 e5 4. g3 g6 5. Bg2 Bg7 6. O-O O-O 7. Re1 h6 8. c4 c5 9. a3 Nc6 10. Bd2 Kh7 11. b4 b6 12. Nc3 Ng8 13. Nd5 Bd7 14. bxc5 dxc5 15. Rb1 Be6 16. h4 Qd7 17. a4 Rae8 18. a5 bxa5 19. Rb5 f5 20. exf5 Bxf5 21. Be3 Nd4 22. Rxc5 Bg4 23. Bxd4 exd4 24.
Rc7 Qf5 25. Rxe8 Rxe8 26. Qa4 Re2 27. Nf4 Rb2 28. Qe8 Rb1+ 29. Kh2 Bxf3 30. Bxf3 Rb2 31. Kg2 Kh8 32. Nxg6+ Kh7 33. Nf4 Kh8 34. Be4 1-0

[Event "*** SCC Grand Prix: Titled Tuesday Blitz"]
[Site "Chess.com"]
[Date "2020.09.29"]
[Round "5"]
[White "dosto07"]
[Black "chesslh19"]
[Result "1-0"]
[WhiteElo "2303"]
[BlackElo "2185"]
[TimeControl "180+1"]
[EndTime "10:54:59 PDT"]
[Termination "dosto07 won by resignation"]

1. d4 Nf6 2. Nf3 d5 3. Bf4 c5 4.
e3 Nc6 5. Nbd2 Qb6 6. dxc5 Qxb2 7. Rb1 Qa3 8. Bb5 Qxc5 9. O-O e6 10. Ne5 Bd7 11. Bxc6 Bxc6 12. Nb3 Qa3 13. Nd4 Bd6 14.
Ndxc6 bxc6 15. Nc4 dxc4 16. Bxd6 Qxa2 17. Rb7 Nd7 18. Qg4 Rg8 19. Qh4 f6 20. Qxh7 O-O-O 21. Rc7+ Kb8 22. Rxd7+ Ka8 23. Rxd8+ Rxd8 24. Qxg7 Rxd6 25.
Qf8+ Kb7 26. Qxd6 a5 27. h4 a4 28. h5 a3 29. h6 Qxc2 30. Qxa3 Qh7 31. Qb4+ Kc7 32.
Rd1 Qxh6 33. Qd6+ Kb7 34. Rb1+ Ka6 35. Qxc6+ 1-0

[Event "*** SCC Grand Prix: Titled Tuesday Blitz"]
[Site "Chess.com"]
[Date "2020.09.29"]
[Round "5"]
[White "PawnEatingZombie"]
[Black "isainz"]
[Result "0-1"]
[WhiteElo "2213"]
[BlackElo "2023"]
[TimeControl "180+1"]
[EndTime "10:54:59 PDT"]
[Termination "isainz won on time"]

1. d4 Nf6 2. c4 g6 3. Nc3 Bg7 4. e4 d6 5. Be2 O-O 6. Be3 e5 7. d5 a5 8. g4 Na6 9. h4 Nc5 10. f3 h5 11. g5 Nfd7 12. Qd2 a4 13. O-O-O c6 14. Kb1 Qa5 15. Nh3 Re8 16. Nf2 Bf8 17. Nd3 Nxd3 18. Qxd3 a3 19. b3 Nc5 20. Qd2 Bd7 21.
Rhf1 Bh3 22. Rf2 Rec8 23. f4 cxd5 24. Nxd5 Nxe4 25. Qxa5 Rxa5 26. Rh2 Be6 27. Rd3 Bxd5 28. cxd5 exf4 29. Bxf4 Rxd5 30. Rxd5 Nc3+ 31. Ka1 Nxd5 32. Bd2 Rc2 33. Bc4 Nb4 34. Rf2 Rxa2+ 35. Kb1 Rb2+ 36.
Kc1 Na2+ 37. Kd1 Nc3+ 38. Bxc3 Rxf2 0-1

[Event "*** SCC Grand Prix: Titled Tuesday Blitz"]
[Site "Chess.com"]
[Date "2020.09.29"]
[Round "5"]
[White "Vamostodorecto"]
[Black "artichaud"]
[Result "1-0"]
[WhiteElo "2389"]
[BlackElo "2203"]
[TimeControl "180+1"]
[EndTime "10:55:00 PDT"]
[Termination "Vamostodorecto won on time"]

1. d4 d6 2. c4 e5 3. Nf3 Nd7 4.
Nc3 c6 5. e4 Be7 6. Be2 Ngf6 7.
O-O Qc7 8. h3 Nf8 9. Be3 Ng6 10.
Qd2 Nh5 11. Nxe5 dxe5 12. Bxh5 exd4 13. Bxd4 Nf4 14. Bf3 O-O 15. e5 Ne6 16. Be3 Qxe5 17. Rfe1 Qc7 18. Bg4 Rd8 19. Qe2 Bb4 20. Red1 Bd7 21.
Rac1 Re8 22. Nd5 cxd5 23. cxd5 Nf4 24. Rxc7 Nxe2+ 25. Bxe2 Bf5 26. Rxb7 a5 27. Bb5 Reb8 28. Rxb8+ Rxb8 29. Bc6 Bd6 30. b3 Kf8 31. Re1 h5 32. Ba7 Rc8 33. Bb6 Bb4 34. Rd1 Bc2 35. Rd4 1-0

[Event "*** SCC Grand Prix: Titled Tuesday Blitz"]
[Site "Chess.com"]
[Date "2020.09.29"]
[Round "5"]
[White "Herracek"]
[Black "dyziotomi99"]
[Result "1/2-1/2"]
[WhiteElo "2625"]
[BlackElo "2463"]
[TimeControl "180+1"]
[EndTime "10:55:01 PDT"]
[Termination "Game drawn by repetition"]

1. c4 e5 2. g3 Nc6 3. Bg2 Bc5 4. Nf3 d6 5. e3 a6 6. d4 exd4 7. exd4 Ba7 8. O-O Nge7 9. Nc3 O-O 10. h3 Bf5 11.
Re1 Bg6 12. d5 Nb8 13. Bg5 Re8 14. Qb3 b6 15. Nd4 h6 16. Bh4 Qd7 17. Re3 b5 18. Rxe7 Rxe7 19. Bxe7 Qxe7 20. Nde2 Nd7 21. cxb5 Nc5 22. Qa3 Nd3 23. bxa6 Nxf2 24. Kh2 Bc5 25. Qa4 Nd3 26. Qc6 Rb8 27. Na4 Qxe2 28. Nxc5 Nxc5 29. a7 Rxb2 30. a8=Q+ Kh7 31. Rg1 Be4 32. Qc8 Qxg2+ 33. Rxg2 Rxg2+ 34. Kh1 Rxg3+ 35. Kh2 Rg2+ 36. Kh1 Rg3+ 37.
Kh2 Rg2+ 38. Kh1 Rg3+ 1/2-1/2

[Event "*** SCC Grand Prix: Titled Tuesday Blitz"]
[Site "Chess.com"]
[Date "2020.09.29"]
[Round "5"]
[White "Miss_JJ20"]
[Black "Resignify"]
[Result "1-0"]
[WhiteElo "2457"]
[BlackElo "2246"]
[TimeControl "180+1"]
[EndTime "10:55:01 PDT"]
[Termination "Miss_JJ20 won on time"]

1. d4 Nf6 2. Nf3 g6 3. Bg5 Bg7 4. Nbd2 d6 5. c3 Nbd7 6. e4 O-O 7.
Bd3 e5 8. O-O h6 9. Bh4 g5 10.
Bg3 Nh5 11. Nc4 Nf4 12. Ne3 Nf6 13. Bc2 Re8 14. dxe5 dxe5 15. Re1 Qxd1 16. Raxd1 c6 17. a4 Ng4 18. Nf5 Bxf5 19. exf5 Nf6 20. Nxe5 N6d5 21.
Nc4 Ne2+ 22. Kf1 Nxg3+ 23. hxg3 Red8 24. Na5 Rab8 25. Bb3 Bf6 26. g4 Nf4 27. Rxd8+ Bxd8 28. Re8+ Kg7 29. Nc4 Nd5 30. Nd6 1-0

[Event "*** SCC Grand Prix: Titled Tuesday Blitz"]
[Site "Chess.com"]
[Date "2020.09.29"]
[Round "5"]
[White "anon219"]
[Black "FMJoseHerrera"]
[Result "1-0"]
[WhiteElo "2750"]
[BlackElo "2550"]
[TimeControl "180+1"]
[EndTime "10:55:02 PDT"]
[Termination "anon219 won on time"]

1. e4 c5 2. Nf3 e6 3. d4 cxd4 4. Nxd4 a6 5. Bd3 Qc7 6. O-O b6 7. c4 Bb7 8. Nc3 d6 9. Re1 Nd7 10. f4 Be7 11. Be3 Ngf6 12. Rc1 h5 13. h3 h4 14. Nf3 Rc8 15. f5 exf5 16. exf5 Kf8 17.
Bd4 Re8 18. Nd5 Qd8 19. Nxe7 Rxe7 20. Ng5 Ne5 21. Be4 Qc7 22. Bxb7 Qxb7 23. Bxe5 dxe5 24.
Qd6 Rh5 25. Nf3 Ne8 26. Qa3 Rxf5 27. Nxe5 Rg5 28. Nf3 Ra5 29. Qb4 Rc5 30. Nxh4 Nf6 31.
Nf3 Ne4 32. Qa3 f5 33. b4 Rc8 34. c5 bxc5 35. bxc5 Qa7 36. Nd4 Re5 37. Nxf5 Nxc5 38. Rxe5 Kg8 39. Rexc5 1-0

[Event "*** SCC Grand Prix: Titled Tuesday Blitz"]
[Site "Chess.com"]
[Date "2020.09.29"]
[Round "5"]
[White "Justinz"]
[Black "ViktoriyaTarasova"]
[Result "1/2-1/2"]
[WhiteElo "2426"]
[BlackElo "2274"]
[TimeControl "180+1"]
[EndTime "10:55:02 PDT"]
[Termination "Game drawn by repetition"]

1. e4 c5 2. d4 cxd4 3. Qxd4 Nc6 4. Qe3 g6 5. Nc3 Bg7 6. Bd2 d6 7. O-O-O a6 8. h4 Nf6 9. f3 h5 10. Nh3 b5 11. Kb1 Be6 12. Nf4 Bd7 13. Ncd5 Nxd5 14. exd5 Ne5 15. Bc3 a5 16. Bd4 O-O 17. g4 hxg4 18. h5 Bf5 19. hxg6 fxg6 20. Ne6 Bxe6 21.
dxe6 Rxf3 22. Qd2 Qf8 23. Bxb5 Rb8 24. a4 g3 25. Rdf1 Rxf1+ 26. Rxf1 Nf3 27. Qd3 Bxd4 28. Rxf3 g2 29. Rg3 Rxb5 30. Qxg6+ Bg7 31. axb5 Qf1+ 32. Ka2 Qc4+ 33. Kb1 Qf1+ 34. Ka2 Qc4+ 35. Kb1 Qf1+ 1/2-1/2

[Event "*** SCC Grand Prix: Titled Tuesday Blitz"]
[Site "Chess.com"]
[Date "2020.09.29"]
[Round "5"]
[White "SabKaD4ddy"]
[Black "AlexOstrovskiy"]
[Result "0-1"]
[WhiteElo "2532"]
[BlackElo "2736"]
[TimeControl "180+1"]
[EndTime "10:55:03 PDT"]
[Termination "AlexOstrovskiy won by resignation"]

1. e4 c6 2. d4 d5 3. exd5 cxd5 4. c4 Nf6 5. Nc3 g6 6. Nf3 Bg7 7. Be2 O-O 8. O-O Nc6 9. a3 dxc4 10. Bxc4 b6 11. Ba2 Bb7 12. Re1 Rc8 13. Bg5 Na5 14.
Ne5 e6 15. Rc1 Re8 16. b4 Nc6 17. Nxc6 Bxc6 18. d5 exd5 19. Rxe8+ Qxe8 20. Bxf6 Bxf6 21. Nxd5 Bg7 22. h3 Kh8 23. Qg4 Rd8 24. Rd1 f5 25.
Qc4 Bxd5 26. Rxd5 Rxd5 27. Qxd5 Qe1+ 28. Kh2 Be5+ 29. g3 Qxf2+ 30. Kh1 Qe1+ 31. Kg2 Qxg3+ 32. Kf1 Kg7 33. Qb3 Qxb3 34. Bxb3 a5 35. bxa5 bxa5 36. a4 Kf6 37. Kg2 Kg5 38. Bg8 h6 39. Kf3 Kf6 40. Bd5 g5 41. Bb7 h5 42. Bc8 g4+ 43.
hxg4 hxg4+ 44. Ke3 Kg5 45. Bd7 Bc7 46. Bc8 Bb6+ 47.
Kd3 f4 48. Ke4 f3 49. Bd7 Kh4 50. Bc8 Kg3 51. Bd7 f2 52. Bb5 Kg2 0-1

[Event "*** SCC Grand Prix: Titled Tuesday Blitz"]
[Site "Chess.com"]
[Date "2020.09.29"]
[Round "5"]
[White "vladislavkovalev"]
[Black "GHANDEEVAM2003"]
[Result "1-0"]
[WhiteElo "2839"]
[BlackElo "3006"]
[TimeControl "180+1"]
[EndTime "10:55:04 PDT"]
[Termination "vladislavkovalev won by resignation"]

1. e4 d6 2. d4 g6 3. Nc3 Bg7 4. Be3 e6 5. f4 a6 6. Nf3 b5 7. Bd3 Bb7 8. Ne2 Nd7 9. a4 b4 10. a5 Ngf6 11. Ng3 h5 12. e5 Nd5 13. Bd2 h4 14. Ne4 h3 15. g3 Qe7 16. Qe2 Kf8 17.
O-O Kg8 18. Rae1 Rh5 19. g4 Rh8 20. g5 Kf8 21. c4 bxc3 22. bxc3 dxe5 23. Nxe5 Qd8 24.
Rb1 Ra7 25. Nxd7+ Qxd7 26. Nc5 Qc6 27. Be4 Bc8 28. Qf2 Qd6 29. Rb8 Ke7 30. c4 c6 31.
Rbb1 Nc7 32. Be3 Na8 33. Rfd1 Rd8 34. Nd3 Qxd4 35. Bxd4 Bxd4 36. Ne5 Bxf2+ 37. Kxf2 Rxd1 38. Nxc6+ Kf8 39. Rxd1 Rc7 40. Rd8+ Kg7 41. Ne5 Bb7 42. Bxb7 Rxb7 43. Rxa8 Rb2+ 44. Kg3 Rb3+ 45. Kg4 1-0

[Event "*** SCC Grand Prix: Titled Tuesday Blitz"]
[Site "Chess.com"]
[Date "2020.09.29"]
[Round "5"]
[White "FontVella8"]
[Black "K_A_S_T_O_R"]
[Result "0-1"]
[WhiteElo "2484"]
[BlackElo "2714"]
[TimeControl "180+1"]
[EndTime "10:55:04 PDT"]
[Termination "K_A_S_T_O_R won on time"]

1. e4 c5 2. Nf3 d6 3. d4 cxd4 4. Qxd4 Nc6 5. Qe3 g6 6. Be2 Nf6 7. O-O Bg4 8. Rd1 Bxf3 9. Bxf3 Bg7 10. c4 Nd7 11. Nc3 O-O 12. b3 Qa5 13. Bb2 Rac8 14. Rd2 a6 15. Rad1 Rfe8 16. Bg4 Nce5 17. Bh3 Rcd8 18.
Rd5 Qb6 19. Qe2 Nc5 20. Ba3 Nc6 21. Bxc5 dxc5 22. Na4 Qb4 23. Bd7 Nd4 24. R1xd4 Bxd4 25. Bxe8 Rxe8 26. e5 b5 27. Nb6 Qc3 28. cxb5 axb5 29. e6 Qa1+ 30. Qf1 Qxa2 31. exf7+ Kxf7 32. h4 Rb8 33. Nd7 Rc8 34. Rxd4 cxd4 35. Ne5+ Kg7 36. Qxb5 Qb1+ 37. Kh2 Qe4 0-1

[Event "*** SCC Grand Prix: Titled Tuesday Blitz"]
[Site "Chess.com"]
[Date "2020.09.29"]
[Round "5"]
[White "TigrVShlyape"]
[Black "Reader777"]
[Result "1-0"]
[WhiteElo "2851"]
[BlackElo "2643"]
[TimeControl "180+1"]
[EndTime "10:55:05 PDT"]
[Termination "TigrVShlyape won by resignation"]

1. d4 Nf6 2. Nf3 e6 3. Bf4 c5 4. e3 Nc6 5. Nbd2 d5 6. c3 Bd6 7.
Bg3 O-O 8. Bd3 b6 9. Qe2 Bb7 10. Rd1 c4 11. Bb1 Ne7 12. Ne5 Nf5 13. Bf4 Be7 14. g4 Nd6 15. g5 Nfe4 16. Rg1 Nxd2 17. Rxd2 g6 18. h4 b5 19. h5 Ne4 20. Rd1 Rc8 21.
f3 Nxg5 22. hxg6 fxg6 23. Qg2 h6 24. Bxg5 Bxg5 25. Qg4 Qf6 26. f4 Bh4+ 27. Kd2 Bf2 28. Rg2 Bxe3+ 29. Kxe3 Rc7 30. Qxg6+ Qxg6 31. Rxg6+ Rg7 32.
Rdg1 Rxg6 33. Rxg6+ Kh8 34. Rxh6+ Kg8 35. Rg6+ Kh8 36. Rxe6 Bc8 37. Re7 Rf6 38. Re8+ Kg7 39. Rxc8 1-0